 Dungeon Crawl Stone Soup version 0.31.0-11-ge490571c62 (webtiles) character file.

Game seed: 4556505619586633543

3762 Arcadio the Fighter (level 9, -2/85 HPs)
             Began as a Pale Draconian Delver on Jan 30, 2024.
             Was a Believer of Zin.
             Slain by a sleepcap (14 damage)
             ... on level 7 of the Dungeon.
             The game lasted 00:14:37 (7052 turns).

Arcadio the Fighter (Pale Draconian Delver)         Turns: 7052, Time: 00:14:38

Health: -2/85      AC: 10    Str: 19    XL:     9   Next: 94%
Magic:  9/9        EV:  2    Int: 11    God:    Zin [**....]
Gold:   298        SH:  0    Dex: 18    Spells: 8/8 levels left

rFire   . . .        y - +4 club (spect)
rCold   . . .        (no shield)
rNeg    . . .        (body armour unavailable)
rPois   .            (helmet restricted)
rElec   .            q - +0 cloak
rCorr   .            p - +1 pair of gloves
SInv    .            (no boots)
Will    .....        (no amulet)
Stlth   +++          z - +6 ring of dexterity
HPRegen 0.34/turn    (no ring)
MPRegen 0.11/turn

%: no passive effects
@: sleeping
A: breathe steam, AC +7, unfitting armour, cold-blooded, steam resistance
a: Breathe Steam, Renounce Religion, Recite, Vitalisation, Donate Gold


You were on level 7 of the Dungeon.
You worshipped Zin.
Zin was pleased with you.
You visited 2 branches of the dungeon, and saw 8 of its levels.
You also visited: Bailey.

You collected 331 gold pieces.
You donated 33 gold pieces to Zin.

Inventory:

Hand Weapons
 a - a +0 mace
 y - a +4 spectral club (weapon)
Armour
 p - a +1 pair of gloves (worn)
 q - a +0 cloak (worn)
Jewellery
 k - a ring of see invisible
 z - a +6 ring of dexterity (left hand)
 C - a ring of willpower
Wands
 f - a wand of digging (2)
 x - a wand of polymorph (13)
 B - a wand of charming (9)
Scrolls
 b - 4 scrolls of fog
 d - a scroll of fear
 g - a scroll of summoning {unknown}
 i - a scroll of amnesia {unknown}
 l - 2 scrolls of blinking {unknown}
 m - 7 scrolls of teleportation
 n - 2 scrolls of brand weapon {unknown}
 o - a scroll of poison {unknown}
 s - 5 scrolls of identify {unknown}
 t - a scroll of noise {unknown}
 u - 4 scrolls of vulnerability {unknown}
 v - 2 scrolls of enchant armour {unknown}
 w - a scroll of immolation {unknown}
 E - a scroll of enchant weapon {unknown}
Potions
 e - a potion of haste
 h - 4 potions of curing
 j - a potion of enlightenment
 r - a potion of might {unknown}
 A - a potion of brilliance {unknown}
 D - 2 potions of heal wounds {unknown}


   Skills:
 + Level 9.8 Fighting
 + Level 8.5 Maces & Flails
 + Level 7.7 Dodging
 - Level 4.5 Stealth


You had 8 spell levels left.
You didn't know any spells.
Your spell library was empty.

Dungeon Overview and Level Annotations

Branches:
Dungeon (7/15)             Temple (1/1) D:6          Bailey (visited)

Altars:
Ashenzari
Cheibriados
Dithmenos
Elyvilon
Fedhas
Gozag
Hepliaklqana
Makhleb
Nemelex Xobeh
Okawaru
Qazlal
Ru
Sif Muna
Trog
Uskayaw
Vehumet
Wu Jian
Xom
Zin
The Shining One

Annotations:
D:7 Joseph


Innate Abilities, Weirdness & Mutations

You can breathe blasts of scalding, opaque steam.
Your pale cyan-grey scales are hard. (AC +7)
You cannot fit into any form of body armour.
You are cold-blooded and may be slowed by cold attacks.
You are immune to the effects of steam.


Message History

The gnoll hits you with a +0 spear.
* * * LOW HITPOINT WARNING * * *
You hit the gnoll.
Your tail-slap misses the gnoll.
The gnoll is moderately wounded.
The gnoll hits you with a +0 spear.
* * * LOW HITPOINT WARNING * * *
You thump the gnoll!
The gnoll is almost dead.
The gnoll misses you.
You thump the gnoll!
You kill the gnoll!
You hit the gnoll.
The gnoll is heavily wounded.
The gnoll closely misses you.
You hit the gnoll.
Your tail-slap misses the gnoll.
The gnoll is severely wounded.
The gnoll barely misses you.
You hit the gnoll.
You kill the gnoll!
You hit the sleepcap.
You punch the sleepcap, but do no damage.
The sleepcap is lightly damaged.
The sleepcap barely misses you.
You hit the sleepcap.
The sleepcap is moderately damaged.
The sleepcap closely misses you.
You hit the sleepcap.
The sleepcap is moderately damaged.
You hit the sleepcap.
The sleepcap is moderately damaged.
The sleepcap misses you.
You hit the sleepcap.
You tail-slap the sleepcap, but do no damage.
The sleepcap is heavily damaged.
The sleepcap releases spores at you.
* * * LOW HITPOINT WARNING * * *
You are engulfed in a cloud of soporific spores!
You fall asleep.
The sleepcap releases spores at you!
You die...

*****,f.g......#.#
#.#.#.#####
,,,,,,,....###...### #.#...#
******,#...........####.#[###
,,,,,,,#...........#....#.#
*,,,,**#..................#
*,,,,* *#.................#
*,,,,* *#'##..#g#.#......#
*,,,,* #.#...#f#...>.(..#
****** #.#####@###.######
##########.#####.###'###
#########......#.......#
##########.###.#.......#
##########.....#.......#
#######..'.....#.###+###
#######.##.....#.# *,*
#######.##.....'.# *,*
.....†..##.....###**,*


You could see a sleepcap and a gnoll.

Vanquished Creatures
  3 trolls
  A spriggan (Bailey)
  5 yaks (D:7)
  Menkaure (D:6)
  Duvessa (D:5)
  An orc warrior (D:6)
  3 ice beasts
  A black bear (D:5)
  2 sky beasts
  An ogre (Bailey)
  A phantom (D:5)
  A lemure (D:3)
  Blork the orc (D:6)
  4 scorpions
  Dowan (D:6)
  5 killer bees (D:7)
  An orc priest (D:6)
  2 gnoll boudas
  3 hounds
  An iguana (D:4)
  Ijyb (D:3)
  Terence (D:2)
  A sleepcap (D:5)
  An orc wizard (D:4)
  9 gnolls
  7 adders
  4 dart slugs
  17 orcs
  5 bats
  6 endoplasms
  A giant cockroach (D:1)
  8 goblins
  3 hobgoblins
  9 jackals
  3 quokkas
  7 ball pythons
  13 frilled lizards
  4 kobolds
  7 rats
146 creatures vanquished.

Notes
Turn   | Place    | Note
-------+----------+-------------------------------------------
     0 | D:5      | Arcadio the Draconian Delver began the quest for the Orb.
     0 | D:5      | Reached XP level 1. HP: 19/19 MP: 1/1
    41 | D:5      | Noticed a black bear
    88 | D:5      | Noticed a scorpion
   268 | D:3      | Reached XP level 2. HP: 26/26 MP: 2/2
   293 | D:3      | Noticed Terence
   331 | D:3      | Noticed Grinder
   600 | D:2      | Reached XP level 3. HP: 32/33 MP: 3/3
   656 | D:2      | Found a faded altar of an unknown god.
   727 | D:1      | Reached skill level 4 in Fighting
   908 | D:1      | Reached XP level 4. HP: 40/40 MP: 4/4
  1844 | D:2      | Killed Terence
  2109 | D:3      | Reached XP level 5. HP: 47/47 MP: 5/5
  2244 | D:3      | Identified the staff "Zetus" {rF+ Conj Alchemy}
  2268 | D:3      | Noticed Ijyb
  2320 | D:3      | Killed Ijyb
  2518 | D:3      | Grinder changed into Grinder the lemure
  2518 | D:3      | Noticed Grinder
  2536 | D:3      | Killed Grinder the lemure
  2537 | D:3      | Reached skill level 5 in Fighting
  2579 | D:3      | Found a glowing silver altar of Zin.
  2587 | D:3      | Became a worshipper of Zin the Law-Giver
  2587 | D:3      | Reached * piety under Zin
  2648 | D:4      | Reached XP level 6. HP: 34/56 MP: 6/6
  3437 | D:5      | Your scales start taking on a pale cyan-grey colour.
  3437 | D:5      | Reached XP level 7. HP: 62/62 MP: 7/7
  3437 | D:5      | Gained mutation: You are immune to the effects of steam.
                  | [Pale Draconian growth]
  3635 | D:5      | Reached skill level 6 in Fighting
  4005 | D:6      | Noticed Duvessa
  4005 | D:6      | Noticed Dowan
  4307 | D:6      | Killed Dowan
  4308 | D:6      | Reached skill level 5 in Maces & Flails
  4453 | D:6      | Reached ** piety under Zin
  4615 | D:6      | Noticed a troll
  4615 | D:6      | Noticed a troll
  4660 | D:5      | Killed Duvessa
  4661 | D:5      | Reached skill level 5 in Dodging
  5141 | D:5      | Reached XP level 8. HP: 63/71 MP: 8/8
  5180 | D:6      | Reached skill level 7 in Fighting
  5386 | D:6      | Found a staircase to the Ecumenical Temple.
  5395 | Temple   | Entered the Ecumenical Temple
  5599 | D:6      | Killed a troll
  5813 | D:6      | Killed a troll
  5814 | D:6      | Reached skill level 8 in Fighting
  5983 | D:6      | Noticed Menkaure
  5986 | D:6      | Killed Menkaure
  5987 | D:6      | Reached XP level 9. HP: 82/82 MP: 9/9
  6073 | D:6      | Noticed Blork the orc
  6084 | D:6      | Killed Blork the orc
  6315 | D:7      | Reached skill level 9 in Fighting
  6538 | D:7      | Noticed a troll
  6546 | D:7      | Killed a troll
  6564 | D:7      | Found a flagged portal.
  6572 | D:7      | Identified the +5 spear of Ehatom {vamp, rN+++ rCorr Str-2
                  | Stlth+}
  6580 | Bailey   | Entered a bailey
  6904 | D:7      | Noticed Joseph
  7052 | D:7      | Slain by a sleepcap

Illustrated notes

Levels and vault maps discovered:
D:1:      minmay_arrival_solitary_statue, layout_basic, st_stairs_3
D:2:      layout_loops_corners, nicolae_ecumenical_pavilion, kennysheep_nub,
          minmay_misc_feat_encased
D:3:      layout_rooms, zin_academy, kennysheep_doodads, minmay_lizard_king,
          uniq_grinder, uniq_terence, uniq_ijyb
D:4:      layout_basic
D:5:      layout_loops_cross
D:6:      kennysheep_big_flooded_room, layout_gridville,
          minmay_temple_entry_antechambers, uniq_duvessa, uniq_blork_the_orc,
          uniq_menkaure
D:7:      layout_basic, enter_bailey_2, uniq_joseph
Temple:   compressed_dpeg_triangle_lava_temple

Skill      XL: |  1  2  3  4  5  6  7  8  9 |
---------------+----------------------------+-----
Dodging        | 2 3 4 5 6 7 |  7.7
Fighting       | 4 5 6 8 9 |  9.8
Maces & Flails | 3 4 5 7 8 |  8.5
Stealth        | |  4.5

Action                     |  1- 3 |  4- 6 |  7- 9 || total
---------------------------+-------+-------+-------++-------
  Melee: Mace              |    92 |   107 |       ||   199
         Tailslap          |     4 |    23 |    49 ||    76
         Club              |       |    60 |   301 ||   361
         Punch             |       |     1 |     5 ||     6
 Invoke: Recite            |       |       |     1 ||     1
Ability: Breathe Steam     |       |       |     9 ||     9
  Evoke: Wand              |     1 |     1 |       ||     2
    Use: Scroll            |       |     1 |     3 ||     4
         Potion            |       |       |     6 ||     6
   Stab: Sleeping          |     3 |     4 |     2 ||     9
         Distracted        |       |     2 |     8 ||    10
 Armour: Skin              |    75 |   134 |   206 ||   415
  Dodge: Dodged            |    86 |   106 |   231 ||   423
